Panthers vs Canucks

Created - 22 janvier 2021 at 15:50

Goals
1 2 3 T
Panthers 0 1 1 2
Canucks 0 2 1 3
Shots
1 2 3 T
Panthers 7 19 10 36
Canucks 8 11 16 35

1st period

No Goal

Penalties :
Erik Cernak (VAN) for Goalie Interference (Minor) at 1:31, Mika Zibanejad (VAN) for Interference (Minor) at 15:58, Patrik Nemeth (FLA) for Boarding (Minor) at 19:04

2nd period

1. Panthers , Mats Zuccarello 6 (Vincent Trocheck 7, Patrik Nemeth 6) at 8:39
2. Canucks , Blake Wheeler 13 (Mika Zibanejad 23) at 12:54
3. Canucks , Alex Killorn 12 (Blake Wheeler 14, Mika Zibanejad 24) at 18:55

Penalties :
Erik Cernak (VAN) for High sticking (Minor) at 2:17, Blake Wheeler (VAN) for Hooking (Minor) at 10:27

3rd period

4. Panthers , Nikita Gusev 14 (Taylor Hall 16, Tyson Barrie 11) at 14:13
5. Canucks , Dominik Kubalik 6 (Alex Killorn 11) at 16:35

Penalties :
Blake Wheeler (VAN) for Hooking (Minor) at 6:22, Garnet Hathaway (FLA) for Roughing (Minor) at 9:18, Darnell Nurse (VAN) for Tripping (Minor) at 16:42

Goalie Stats

Pekka Rinne (FLA), 32 saves from 35 shots - (0,914), L, 10-9-6, 59:01 minutes
Ben Bishop (VAN), 34 saves from 36 shots - (0,944), W, 8-9-7, 60:00 minutes

Players Stats for Panthers

Player Name              G  A  P  +/- PIM S  H  SB GA TA FO     MP     PP MP  PK MP  
------------------------------------------------------------------------------------
Garnet Hathaway          0  0  0  -1  2   1  0  0  0  1  0/1    11:40   0:00   0:00 
Greg Pateryn             0  0  0  -2  0   1  2  0  0  2  0/0    21:10   5:31   0:33 
Jacob de La Rose         0  0  0  -1  0   2  2  1  0  0  1/3     6:51   0:00   0:00 
Jamie Oleksiak           0  0  0   0  0   0  0  1  0  1  0/0    11:59   0:00   0:00 
Jonas Siegenthaler       0  0  0  -2  0   1  1  2  0  1  0/0    21:52   5:31   0:33 
Josh Archibald           0  0  0  -1  0   3  1  0  0  0  0/1    12:23   0:14   0:00 
Josh Norris              0  0  0  -1  0   1  0  0  0  0  6/9    11:54   0:00   0:13 
Marcus Foligno           0  0  0   1  0   2  0  0  0  0  0/0    15:53   4:25   0:00 
Mats Zuccarello          1  0  1   1  0   6  1  0  2  0  0/0    16:23   4:25   0:28 
Matt Moulson             0  0  0  -1  0   0  2  0  0  1  0/1     7:14   0:06   0:00 
Nathan Beaulieu          0  0  0   0  0   0  0  0  0  0  0/0     0:00   0:00   0:00 
Nikita Gusev             1  0  1   0  0   5  1  0  0  0  0/2    20:37   7:22   0:00 
Patrik Nemeth            0  1  1   1  2   1  2  3  0  1  0/0    23:57   6:23   1:26 
Rocco Grimaldi           0  0  0  -1  0   2  0  0  0  1  0/0     7:14   0:06   0:00 
Taylor Hall              0  1  1   0  0   4  2  0  1  1  0/3    24:32   7:23   3:20 
Travis Zajac             0  0  0   0  0   1  2  2  0  0  24/45  24:21   7:16   3:27 
Trevor Daley             0  0  0   0  0   0  0  2  0  0  0/0    14:12   0:00   1:59 
Tyson Barrie             0  1  1   1  0   3  0  1  0  1  0/0    26:51   6:23   3:25 
Vincent Trocheck         0  1  1   1  0   3  2  0  1  0  6/8    16:57   4:25   0:28 

Players Stats for Canucks

Player Name              G  A  P  +/- PIM S  H  SB GA TA FO     MP     PP MP  PK MP  
------------------------------------------------------------------------------------
Alex Killorn             1  1  2   2  0   2  1  1  1  0  3/9    17:23   2:53   3:52 
Alex Tuch                0  0  0   0  0   1  2  0  0  0  1/2    15:44   0:00   1:28 
Blake Wheeler            1  1  2   0  4   6  1  0  1  1  2/2    18:02   2:53   0:00 
Charlie McAvoy           0  0  0   1  0   4  0  1  0  0  0/0    23:53   3:06   4:36 
Darnell Nurse            0  0  0  -1  2   1  2  1  0  0  0/0    24:21   0:00   5:51 
Denis Gurianov           0  0  0   2  0   3  0  0  0  0  0/0     9:24   0:00   0:00 
Dominik Kubalik          1  0  1   2  0   5  3  0  1  0  0/0    10:43   0:00   1:02 
Erik Cernak              0  0  0   1  4   1  0  1  0  0  0/0    12:29   0:52   0:00 
Erik Johnson             0  0  0   1  0   2  0  2  1  0  0/0    22:40   0:52   4:36 
Gustav Nyquist           0  0  0   0  0   2  0  0  1  0  1/1    12:01   1:05   0:00 
Jason Dickinson          0  0  0  -1  0   1  1  0  1  0  5/15   14:29   0:00   6:41 
Jordan Martinook         0  0  0  -1  0   1  1  0  0  0  0/0     6:42   0:00   0:00 
Matt Calvert             0  0  0   0  0   0  5  0  3  1  0/1    20:05   1:05   6:45 
Mika Zibanejad           0  2  2   0  2   2  3  0  1  0  21/35  22:23   2:53   3:31 
Oscar Klefbom            0  0  0   0  0   0  1  1  0  0  0/0    19:00   0:00   7:18 
Pierre Engvall           0  0  0  -1  0   1  0  1  0  0  0/0     6:42   0:00   0:00 
Quinn Hughes             0  0  0   0  0   2  0  1  0  2  0/0    19:12   3:06   1:27 
Ryan Getzlaf             0  0  0   0  0   1  2  0  0  0  3/8    12:47   1:05   0:29 

3 Stars

1 - Alex Killorn (VAN)
2 - Dominik Kubalik (VAN)
3 - Ben Bishop (VAN)

Power Play

Panthers - 0 on 6 Attempt(s) - 0,00%
Canucks - 0 on 2 Attempt(s) - 0,00%

Penalty Kill

Panthers - 2 on 2 Attempt(s) - 100,00% - Score 0 goal in Penalty Kill
Canucks - 6 on 6 Attempt(s) - 100,00% - Score 0 goal in Penalty Kill

Team Stat

Panthers - Hits : 18 - Faceoff Wins : 37 - Blocked Shots : 12 - Penalty Minutes : 4
Canucks - Hits : 22 - Faceoff Wins : 36 - Blocked Shots : 9 - Penalty Minutes : 12

Official

Referees : Dave Lewis and Robert Hennessey
Linesman : Dennis Urban and Scott Cherrey

Game Notes

9:33 of 3rd period - Canucks goal is going for a video replay. After video review, No Goal. The goalkeeper has been pushed into the net together with the puck after making a save.

Finance

Level 1 -- Attendance: 6000 (100,00%) -- Ticket Income 570 000 $
Level 2 -- Attendance: 4323 (86,46%) -- Ticket Income 237 765 $
Level 3 -- Attendance: 2000 (100,00%) -- Ticket Income 60 000 $
Level 4 -- Attendance: 3389 (84,73%) -- Ticket Income 67 780 $
Luxury Box -- Attendance: 867 (86,70%) -- Ticket Income 151 725 $
Game was played at the Green men Ice Stadium.
Total Attendance: 16579 (92,11%)
Total Ticket Income: 1 087 270 $
Other Income: 532 762 $
Total Income: 1 620 032 $

Panthers

5 vs 5 Forward 
   Center                   Left Wing                Right Wing               Time % Phy DF OF 
 1 Travis Zajac             Taylor Hall              Nikita Gusev             39     1   2  2  
 2 Vincent Trocheck         Marcus Foligno           Mats Zuccarello          31     1   2  2  
 3 Josh Norris              Josh Archibald           Garnet Hathaway          21     1   2  2  
 4 Jacob de La Rose         Rocco Grimaldi           Matt Moulson             9      1   2  2  

5 vs 5 Defense 
   Defense                  Defense                                           Time % Phy DF OF 
 1 Patrik Nemeth            Tyson Barrie                                      36     1   2  2  
 2 Jonas Siegenthaler       Greg Pateryn                                      33     1   2  2  
 3 Jamie Oleksiak           Trevor Daley                                      23     1   2  2  
 4 Jonas Siegenthaler       Tyson Barrie                                      8      1   2  2  

PowerPlay Forward 
   Center                   Left Wing                Right Wing               Time % Phy DF OF 
 1 Travis Zajac             Taylor Hall              Nikita Gusev             60     1   2  2  
 2 Vincent Trocheck         Marcus Foligno           Mats Zuccarello          40     1   2  2  

PowerPlay Defense
   Defense                  Defense                                           Time % Phy DF OF 
 1 Patrik Nemeth            Tyson Barrie                                      60     1   2  2  
 2 Jonas Siegenthaler       Greg Pateryn                                      40     1   2  2  

Penalty Kill 4 Players Forward 
   Center                   Wing                     Time % Phy DF OF 
 1 Travis Zajac             Taylor Hall              60     1   2  2  
 2 Vincent Trocheck         Mats Zuccarello          40     1   2  2  

Penalty Kill 4 Players Defense
   Defense                  Defense                  Time % Phy DF OF 
 1 Patrik Nemeth            Tyson Barrie             60     1   2  2  
 2 Jonas Siegenthaler       Greg Pateryn             40     1   2  2  

Penalty Kill - 3 Players Forward 
   Forward                                           Time % Phy DF OF 
 1 Travis Zajac                                      60     1   2  2  
 2 Vincent Trocheck                                  40     1   2  2  

Penalty Kill - 3 Players Defense
   Defense                  Defense                  Time % Phy DF OF 
 1 Patrik Nemeth            Tyson Barrie             60     1   2  2  
 2 Jonas Siegenthaler       Greg Pateryn             40     1   2  2  

4 vs 4 Forward 
   Center                   Wing                     Time % Phy DF OF 
 1 Travis Zajac             Taylor Hall              60     1   2  2  
 2 Vincent Trocheck         Mats Zuccarello          40     1   2  2  

4 vs 4 Defense
   Defense                  Defense                  Time % Phy DF OF 
 1 Patrik Nemeth            Tyson Barrie             60     1   2  2  
 2 Jonas Siegenthaler       Greg Pateryn             40     1   2  2  

Last Minutes Offensive
   Center                   Left Wing                Right Wing               Defense                  Defense                  
   Travis Zajac             Taylor Hall              Vincent Trocheck         Patrik Nemeth            Tyson Barrie             

Last Minutes Defensive
   Center                   Left Wing                Right Wing               Defense                  Defense                  
   Travis Zajac             Marcus Foligno           Matt Moulson             Patrik Nemeth            Tyson Barrie             

Goaltenders
Starting : Pekka Rinne              
Backup : Antti Raanta             

Extra Forwards
Normal : Nikita Gusev, Matt Moulson, Josh Norris - PP : Josh Archibald, Matt Moulson - PK : Josh Norris
Extra Defensemen
Normal : Jamie Oleksiak, Trevor Daley, Jonas Siegenthaler - PP : Jamie Oleksiak - PK : Trevor Daley, Jonas Siegenthaler
Penalty Shots
Taylor Hall, Vincent Trocheck, Mats Zuccarello, Marcus Foligno, Nikita Gusev
Custom OT Lines Forwards
Taylor Hall, Travis Zajac, Mats Zuccarello, Vincent Trocheck, Marcus Foligno, Nikita Gusev, Matt Moulson, Josh Norris, Garnet Hathaway, Rocco Grimaldi
Custom OT Lines Defensemen
Patrik Nemeth, Tyson Barrie, Jonas Siegenthaler, Greg Pateryn, Jamie Oleksiak

Scratches
Aaron Dell (Healthy), Marcus Hogberg (Healthy)

Canucks

5 vs 5 Forward 
   Center                   Left Wing                Right Wing               Time % Phy DF OF 
 1 Mika Zibanejad           Blake Wheeler            Alex Tuch                40     0   2  3  
 2 Ryan Getzlaf             Gustav Nyquist           Matt Calvert             30     0   2  3  
 3 Alex Killorn             Dominik Kubalik          Denis Gurianov           20     0   3  2  
 4 Jason Dickinson          Jordan Martinook         Pierre Engvall           10     0   3  2  

5 vs 5 Defense 
   Defense                  Defense                                           Time % Phy DF OF 
 1 Quinn Hughes             Darnell Nurse                                     35     0   3  2  
 2 Erik Johnson             Charlie McAvoy                                    35     0   3  2  
 3 Erik Cernak              Oscar Klefbom                                     20     0   3  2  
 4 Erik Cernak              Darnell Nurse                                     10     0   3  2  

PowerPlay Forward 
   Center                   Left Wing                Right Wing               Time % Phy DF OF 
 1 Mika Zibanejad           Blake Wheeler            Alex Killorn             70     1   2  2  
 2 Ryan Getzlaf             Gustav Nyquist           Matt Calvert             30     1   2  2  

PowerPlay Defense
   Defense                  Defense                                           Time % Phy DF OF 
 1 Charlie McAvoy           Quinn Hughes                                      70     1   2  2  
 2 Erik Johnson             Erik Cernak                                       30     1   2  2  

Penalty Kill 4 Players Forward 
   Center                   Wing                     Time % Phy DF OF 
 1 Jason Dickinson          Matt Calvert             60     1   2  2  
 2 Mika Zibanejad           Alex Killorn             40     1   2  2  

Penalty Kill 4 Players Defense
   Defense                  Defense                  Time % Phy DF OF 
 1 Oscar Klefbom            Darnell Nurse            60     1   2  2  
 2 Erik Johnson             Charlie McAvoy           40     1   2  2  

Penalty Kill - 3 Players Forward 
   Forward                                           Time % Phy DF OF 
 1 Mika Zibanejad                                    60     1   2  2  
 2 Alex Killorn                                      40     1   2  2  

Penalty Kill - 3 Players Defense
   Defense                  Defense                  Time % Phy DF OF 
 1 Oscar Klefbom            Darnell Nurse            60     1   2  2  
 2 Erik Johnson             Charlie McAvoy           40     1   2  2  

4 vs 4 Forward 
   Center                   Wing                     Time % Phy DF OF 
 1 Mika Zibanejad           Blake Wheeler            60     1   2  2  
 2 Ryan Getzlaf             Gustav Nyquist           40     1   2  2  

4 vs 4 Defense
   Defense                  Defense                  Time % Phy DF OF 
 1 Oscar Klefbom            Darnell Nurse            60     1   2  2  
 2 Erik Johnson             Charlie McAvoy           40     1   2  2  

Last Minutes Offensive
   Center                   Left Wing                Right Wing               Defense                  Defense                  
   Mika Zibanejad           Blake Wheeler            Alex Killorn             Charlie McAvoy           Quinn Hughes             

Last Minutes Defensive
   Center                   Left Wing                Right Wing               Defense                  Defense                  
   Mika Zibanejad           Blake Wheeler            Alex Killorn             Erik Johnson             Darnell Nurse            

Goaltenders
Starting : Ben Bishop               
Backup : Chris Driedger           

Extra Forwards
Normal : Dominik Kubalik, Jason Dickinson, Alex Tuch - PP : Dominik Kubalik, Jason Dickinson - PK : Alex Tuch
Extra Defensemen
Normal : Erik Cernak, Oscar Klefbom, Erik Johnson - PP : Oscar Klefbom - PK : Quinn Hughes, Erik Johnson
Penalty Shots
Mika Zibanejad, Blake Wheeler, Alex Killorn, Ryan Getzlaf, Gustav Nyquist
Custom OT Lines Forwards
Mika Zibanejad, Blake Wheeler, Ryan Getzlaf, Dominik Kubalik, Alex Killorn, Gustav Nyquist, Jason Dickinson, Alex Tuch, Jordan Martinook, Denis Gurianov
Custom OT Lines Defensemen
Quinn Hughes, Oscar Klefbom, Erik Johnson, Charlie McAvoy, Darnell Nurse

Scratches
Matt Grzelcyk (Healthy)

% Time on Ice - Panthers

Lines # - Real PCT - Wanted PCT - Time Play
Normal Forward
1 - 31% - 39% - 13:33
2 - 26% - 31% - 11:30
3 - 27% - 21% - 11:40
4 - 16% - 9% - 6:51
Normal Defense
1 - 36% - 36% - 15:47
2 - 35% - 33% - 15:06
3 - 28% - 23% - 11:59
4 - 2% - 8% - 0:42
PP Forward
1 - 63% - 60% - 7:29
2 - 37% - 40% - 4:25
PP Defense
1 - 54% - 60% - 6:23
2 - 46% - 40% - 5:31
PK Forward
1 - 88% - 60% - 3:30
2 - 12% - 40% - 0:28
PK Defense
1 - 86% - 60% - 3:25
2 - 14% - 40% - 0:33
PK3 Forward
1 - 0% - 60%
2 - 0% - 40%
PK3 Defense
1 - 0% - 60%
2 - 0% - 40%
44 Forward
1 - 0% - 60%
2 - 0% - 40%
44 Defense
1 - 0% - 60%
2 - 0% - 40%
Last Minute Offensive  - 0:34
Last Minute Defensive  - 0:00
Total
Forward - 60:00
Defense - 60:00

% Time on Ice - Canucks

Lines # - Real PCT - Wanted PCT - Time Play
Normal Forward
1 - 36% - 40% - 15:54
2 - 27% - 30% - 11:34
3 - 22% - 20% - 9:24
4 - 15% - 10% - 6:42
Normal Defense
1 - 38% - 35% - 16:38
2 - 38% - 35% - 16:38
3 - 19% - 20% - 8:11
4 - 5% - 10% - 2:07
PP Forward
1 - 73% - 70% - 2:53
2 - 27% - 30% - 1:05
PP Defense
1 - 78% - 70% - 3:06
2 - 22% - 30% - 0:52
PK Forward
1 - 68% - 60% - 8:02
2 - 32% - 40% - 3:52
PK Defense
1 - 61% - 60% - 7:18
2 - 39% - 40% - 4:36
PK3 Forward
1 - 0% - 60%
2 - 0% - 40%
PK3 Defense
1 - 0% - 60%
2 - 0% - 40%
44 Forward
1 - 0% - 60%
2 - 0% - 40%
44 Defense
1 - 0% - 60%
2 - 0% - 40%
Last Minute Offensive  - 0:00
Last Minute Defensive  - 0:34
Total
Forward - 60:00
Defense - 60:00

Play-by-Play

1st period


0:01 of 1st period - Mika Zibanejad wins face-off versus Travis Zajac in neutral zone.
0:04 of 1st period - Wrist shot by Blake Wheeler.
0:04 of 1st period - Shot Misses the Net.
0:06 of 1st period - Snap shot by Mika Zibanejad.
0:06 of 1st period - Stopped by Pekka Rinne with a rebound.
0:50 of 1st period - Alex Killorn is hit by Josh Archibald and loses puck.
1:31 of 1st period - Minor Penalty to Erik Cernak for Goalie Interference.
1:32 of 1st period - Travis Zajac wins face-off versus Jason Dickinson in Canucks zone.
1:33 of 1st period - Wrist shot by Taylor Hall.
1:33 of 1st period - Shot Blocked by Darnell Nurse.
1:35 of 1st period - Snap shot by Nikita Gusev.
1:35 of 1st period - Stopped by Ben Bishop without a rebound.
1:36 of 1st period - Travis Zajac wins face-off versus Jason Dickinson in Canucks zone.
1:49 of 1st period - Snap shot by Jason Dickinson.
1:49 of 1st period - Stopped by Pekka Rinne with a rebound.
2:22 of 1st period - Mika Zibanejad is hit by Taylor Hall and loses puck.
2:43 of 1st period - Erik Johnson is hit by Greg Pateryn and loses puck.
3:00 of 1st period - Wrist shot by Taylor Hall.
3:00 of 1st period - Shot Misses the Net.
3:18 of 1st period - Snap shot by Taylor Hall.
3:18 of 1st period - Stopped by Ben Bishop without a rebound.
3:19 of 1st period - Vincent Trocheck wins face-off versus Jason Dickinson in Canucks zone.
3:31 of 1st period - Penalty to Erik Cernak is over, Erik Cernak is back on ice.
3:52 of 1st period - Snap shot by Josh Norris.
3:52 of 1st period - Deflect By Garnet Hathaway.
3:52 of 1st period - Shot Misses the Net.
3:52 of 1st period - Puck is out of play.
3:53 of 1st period - Blake Wheeler wins face-off versus Garnet Hathaway in Canucks zone.
4:19 of 1st period - Snap shot by Rocco Grimaldi.
4:19 of 1st period - Stopped by Ben Bishop with a rebound.
5:24 of 1st period - Jason Dickinson is hit by Jacob de La Rose and loses puck.
5:52 of 1st period - Mats Zuccarello is hit by Matt Calvert and loses puck.
7:04 of 1st period - Marcus Foligno is hit by Dominik Kubalik and loses puck.
7:38 of 1st period - Icing by Josh Archibald.
7:39 of 1st period - Jacob de La Rose wins face-off versus Jason Dickinson in Panthers zone.
7:39 of 1st period - Jacob de La Rose is hit by Jordan Martinook.
7:51 of 1st period - Snap shot by Rocco Grimaldi.
7:51 of 1st period - Shot Misses the Net.
8:31 of 1st period - Snap shot by Mats Zuccarello.
8:31 of 1st period - Shot Misses the Net.
8:33 of 1st period - Snap shot by Mats Zuccarello.
8:33 of 1st period - Shot Misses the Net.
8:35 of 1st period - Backhand shot by Jonas Siegenthaler.
8:35 of 1st period - Shot Misses the Net.
8:56 of 1st period - Slapshot by Dominik Kubalik.
8:56 of 1st period - Stopped by Pekka Rinne with a rebound.
9:10 of 1st period - Pierre Engvall is hit by Matt Moulson.
9:34 of 1st period - Charlie McAvoy is hit by Taylor Hall and loses puck.
9:58 of 1st period - Snap shot by Mats Zuccarello.
9:58 of 1st period - Deflect By Vincent Trocheck.
9:58 of 1st period - Deflect By Mika Zibanejad.
9:58 of 1st period - Shot Blocked by Oscar Klefbom.
9:58 of 1st period - Puck is out of play.
9:59 of 1st period - Mika Zibanejad wins face-off versus Vincent Trocheck in Canucks zone.
10:10 of 1st period - Snap shot by Mats Zuccarello.
10:10 of 1st period - Stopped by Ben Bishop with a rebound.
10:21 of 1st period - Wrist shot by Mats Zuccarello.
10:21 of 1st period - Stopped by Ben Bishop without a rebound.
10:22 of 1st period - Gustav Nyquist wins face-off versus Travis Zajac in Canucks zone.
10:49 of 1st period - Slapshot by Quinn Hughes.
10:49 of 1st period - Deflect By Alex Killorn.
10:49 of 1st period - Shot Misses the Net.
10:49 of 1st period - Puck is out of play.
10:50 of 1st period - Josh Norris wins face-off versus Alex Killorn in Panthers zone.
11:03 of 1st period - Slapshot by Alex Killorn.
11:03 of 1st period - Shot Misses the Net.
11:05 of 1st period - Wrist shot by Erik Johnson.
11:05 of 1st period - Stopped by Pekka Rinne without a rebound.
11:06 of 1st period - Blake Wheeler wins face-off versus Travis Zajac in Panthers zone.
11:57 of 1st period - Wrist shot by Dominik Kubalik.
11:57 of 1st period - Stopped by Pekka Rinne with a rebound.
12:35 of 1st period - Travis Zajac is hit by Alex Tuch and loses puck.
12:39 of 1st period - Icing by Taylor Hall.
12:40 of 1st period - Ryan Getzlaf wins face-off versus Travis Zajac in Panthers zone.
13:30 of 1st period - Off-side.
13:31 of 1st period - Josh Norris wins face-off versus Jason Dickinson in neutral zone.
13:36 of 1st period - Snap shot by Josh Norris.
13:36 of 1st period - Shot Blocked by Pierre Engvall.
13:42 of 1st period - Patrik Nemeth is hit by Oscar Klefbom and loses puck.
14:05 of 1st period - Snap shot by Blake Wheeler.
14:05 of 1st period - Stopped by Pekka Rinne with a rebound.
15:41 of 1st period - Snap shot by Nikita Gusev.
15:41 of 1st period - Stopped by Ben Bishop with a rebound.
15:43 of 1st period - Snap shot by Travis Zajac.
15:43 of 1st period - Stopped by Ben Bishop without a rebound.
15:44 of 1st period - Travis Zajac wins face-off versus Mika Zibanejad in Canucks zone.
15:50 of 1st period - Off-side.
15:51 of 1st period - Travis Zajac wins face-off versus Mika Zibanejad in neutral zone.
15:51 of 1st period - Travis Zajac is hit by Mika Zibanejad.
15:58 of 1st period - Minor Penalty to Mika Zibanejad for Interference.
15:59 of 1st period - Jason Dickinson wins face-off versus Travis Zajac in Canucks zone.
16:15 of 1st period - Snap shot by Taylor Hall.
16:15 of 1st period - Shot Misses the Net.
17:58 of 1st period - Penalty to Mika Zibanejad is over, Mika Zibanejad is back on ice.
18:14 of 1st period - Slapshot by Dominik Kubalik.
18:14 of 1st period - Stopped by Pekka Rinne without a rebound.
18:15 of 1st period - Mika Zibanejad wins face-off versus Josh Norris in Panthers zone.
19:04 of 1st period - Minor Penalty to Patrik Nemeth for Boarding.
19:05 of 1st period - Travis Zajac wins face-off versus Mika Zibanejad in Panthers zone.
19:47 of 1st period - Wrist shot by Gustav Nyquist.
19:47 of 1st period - Deflect By Taylor Hall.
19:47 of 1st period - Stopped by Pekka Rinne with a rebound.
Goals for this period are 0 for Panthers vs 0 for Canucks.
Shots for this period are 7 for Panthers vs 8 for Canucks.

2nd period


0:01 of 2nd period - Mika Zibanejad wins face-off versus Travis Zajac in neutral zone.
0:04 of 2nd period - Wrist shot by Mika Zibanejad.
0:04 of 2nd period - Shot Misses the Net.
0:06 of 2nd period - Slapshot by Blake Wheeler.
0:06 of 2nd period - Stopped by Pekka Rinne without a rebound.
0:07 of 2nd period - Mika Zibanejad wins face-off versus Travis Zajac in Panthers zone.
0:22 of 2nd period - Snap shot by Blake Wheeler.
0:22 of 2nd period - Shot Misses the Net.
0:24 of 2nd period - Slapshot by Charlie McAvoy.
0:24 of 2nd period - Stopped by Pekka Rinne without a rebound.
0:25 of 2nd period - Mika Zibanejad wins face-off versus Travis Zajac in Panthers zone.
0:52 of 2nd period - Matt Calvert is hit by Mats Zuccarello and loses puck.
1:01 of 2nd period - Snap shot by Ryan Getzlaf.
1:01 of 2nd period - Stopped by Pekka Rinne with a rebound.
1:04 of 2nd period - Penalty to Patrik Nemeth is over, Patrik Nemeth is back on ice.
1:13 of 2nd period - Slapshot by Tyson Barrie.
1:13 of 2nd period - Stopped by Ben Bishop with a rebound.
1:15 of 2nd period - Slapshot by Josh Norris.
1:15 of 2nd period - Shot Misses the Net.
1:17 of 2nd period - Wrist shot by Garnet Hathaway.
1:17 of 2nd period - Stopped by Ben Bishop without a rebound.
1:18 of 2nd period - Vincent Trocheck wins face-off versus Mika Zibanejad in Canucks zone.
1:43 of 2nd period - Jonas Siegenthaler is hit by Matt Calvert and loses puck.
1:50 of 2nd period - Snap shot by Ryan Getzlaf.
1:50 of 2nd period - Deflect By Gustav Nyquist.
1:50 of 2nd period - Shot Blocked by Jonas Siegenthaler.
1:50 of 2nd period - Puck is out of play.
1:51 of 2nd period - Travis Zajac wins face-off versus Ryan Getzlaf in Panthers zone.
2:17 of 2nd period - Minor Penalty to Erik Cernak for High sticking.
2:18 of 2nd period - Travis Zajac wins face-off versus Jason Dickinson in Canucks zone.
2:19 of 2nd period - Snap shot by Taylor Hall.
2:19 of 2nd period - Shot Misses the Net.
2:21 of 2nd period - Snap shot by Taylor Hall.
2:21 of 2nd period - Shot Misses the Net.
2:23 of 2nd period - Slapshot by Tyson Barrie.
2:23 of 2nd period - Stopped by Ben Bishop with a rebound.
2:25 of 2nd period - Slapshot by Patrik Nemeth.
2:25 of 2nd period - Stopped by Ben Bishop without a rebound.
2:26 of 2nd period - Travis Zajac wins face-off versus Jason Dickinson in Canucks zone.
2:35 of 2nd period - Slapshot by Taylor Hall.
2:35 of 2nd period - Stopped by Ben Bishop without a rebound.
2:36 of 2nd period - Jason Dickinson wins face-off versus Nikita Gusev in Canucks zone.
2:36 of 2nd period - Jason Dickinson is hit by Travis Zajac.
3:08 of 2nd period - Wrist shot by Vincent Trocheck.
3:08 of 2nd period - Stopped by Ben Bishop without a rebound.
3:09 of 2nd period - Travis Zajac wins face-off versus Mika Zibanejad in Canucks zone.
3:34 of 2nd period - Snap shot by Vincent Trocheck.
3:34 of 2nd period - Shot Misses the Net.
3:36 of 2nd period - Snap shot by Mats Zuccarello.
3:36 of 2nd period - Stopped by Ben Bishop without a rebound.
3:37 of 2nd period - Mika Zibanejad wins face-off versus Travis Zajac in Canucks zone.
3:37 of 2nd period - Mika Zibanejad is hit by Patrik Nemeth.
3:49 of 2nd period - Wrist shot by Nikita Gusev.
3:49 of 2nd period - Stopped by Ben Bishop without a rebound.
3:50 of 2nd period - Jason Dickinson wins face-off versus Travis Zajac in Canucks zone.
4:17 of 2nd period - Penalty to Erik Cernak is over, Erik Cernak is back on ice.
4:27 of 2nd period - Icing by Oscar Klefbom.
4:28 of 2nd period - Mika Zibanejad wins face-off versus Travis Zajac in Canucks zone.
4:28 of 2nd period - Mika Zibanejad is hit by Greg Pateryn.
4:54 of 2nd period - Oscar Klefbom is hit by Vincent Trocheck and loses puck.
5:21 of 2nd period - Slapshot by Oscar Klefbom.
5:21 of 2nd period - Shot Blocked by Trevor Daley.
5:23 of 2nd period - Snap shot by Pierre Engvall.
5:23 of 2nd period - Shot Misses the Net.
5:32 of 2nd period - Icing by Trevor Daley.
5:33 of 2nd period - Mika Zibanejad wins face-off versus Josh Norris in Panthers zone.
5:46 of 2nd period - Snap shot by Josh Archibald.
5:46 of 2nd period - Stopped by Ben Bishop without a rebound.
5:47 of 2nd period - Travis Zajac wins face-off versus Mika Zibanejad in Canucks zone.
5:50 of 2nd period - Wrist shot by Nikita Gusev.
5:50 of 2nd period - Shot Blocked by Erik Johnson.
6:02 of 2nd period - Snap shot by Nikita Gusev.
6:02 of 2nd period - Shot Blocked by Charlie McAvoy.
6:12 of 2nd period - Tyson Barrie is hit by Matt Calvert and loses puck.
6:18 of 2nd period - Off-side.
6:19 of 2nd period - Travis Zajac wins face-off versus Ryan Getzlaf in neutral zone.
7:07 of 2nd period - Wrist shot by Dominik Kubalik.
7:07 of 2nd period - Stopped by Pekka Rinne without a rebound.
7:08 of 2nd period - Josh Norris wins face-off versus Alex Killorn in Panthers zone.
7:08 of 2nd period - Josh Norris is hit by Dominik Kubalik.
7:18 of 2nd period - Slapshot by Tyson Barrie.
7:18 of 2nd period - Stopped by Ben Bishop without a rebound.
7:19 of 2nd period - Travis Zajac wins face-off versus Mika Zibanejad in Canucks zone.
7:20 of 2nd period - Wrist shot by Taylor Hall.
7:20 of 2nd period - Stopped by Ben Bishop without a rebound.
7:21 of 2nd period - Mika Zibanejad wins face-off versus Travis Zajac in Canucks zone.
7:26 of 2nd period - Travis Zajac is hit by Mika Zibanejad and loses puck.
7:37 of 2nd period - Wrist shot by Mika Zibanejad.
7:37 of 2nd period - Shot Blocked by Travis Zajac.
8:21 of 2nd period - Wrist shot by Mats Zuccarello.
8:21 of 2nd period - Shot Misses the Net.
8:37 of 2nd period - Wrist shot by Vincent Trocheck.
8:37 of 2nd period - Stopped by Ben Bishop with a rebound.
8:39 of 2nd period - Snap shot by Mats Zuccarello.
8:39 of 2nd period - Goal by Mats Zuccarello - Panthers : 1 - Canucks : 0.
8:40 of 2nd period - Travis Zajac wins face-off versus Mika Zibanejad in neutral zone.
9:07 of 2nd period - Greg Pateryn is hit by Matt Calvert and loses puck.
9:28 of 2nd period - Wrist shot by Ryan Getzlaf.
9:28 of 2nd period - Shot Misses the Net.
9:31 of 2nd period - Icing by Trevor Daley.
9:32 of 2nd period - Josh Norris wins face-off versus Alex Killorn in Panthers zone.
9:59 of 2nd period - Snap shot by Garnet Hathaway.
9:59 of 2nd period - Shot Misses the Net.
10:01 of 2nd period - Snap shot by Josh Archibald.
10:01 of 2nd period - Stopped by Ben Bishop with a rebound.
10:03 of 2nd period - Slapshot by Garnet Hathaway.
10:03 of 2nd period - Shot Misses the Net.
10:05 of 2nd period - Wrist shot by Josh Archibald.
10:05 of 2nd period - Stopped by Ben Bishop without a rebound.
10:06 of 2nd period - Travis Zajac wins face-off versus Mika Zibanejad in Canucks zone.
10:27 of 2nd period - Minor Penalty to Blake Wheeler for Hooking.
10:28 of 2nd period - Jason Dickinson wins face-off versus Taylor Hall in Canucks zone.
10:28 of 2nd period - Jason Dickinson is hit by Patrik Nemeth.
11:02 of 2nd period - Snap shot by Vincent Trocheck.
11:02 of 2nd period - Stopped by Ben Bishop with a rebound.
11:04 of 2nd period - Snap shot by Mats Zuccarello.
11:04 of 2nd period - Stopped by Ben Bishop without a rebound.
11:05 of 2nd period - Travis Zajac wins face-off versus Matt Calvert in Canucks zone.
11:38 of 2nd period - Snap shot by Mats Zuccarello.
11:38 of 2nd period - Shot Misses the Net.
11:40 of 2nd period - Slapshot by Marcus Foligno.
11:40 of 2nd period - Shot Misses the Net.
12:27 of 2nd period - Penalty to Blake Wheeler is over, Blake Wheeler is back on ice.
12:36 of 2nd period - Trevor Daley is hit by Darnell Nurse and loses puck.
12:50 of 2nd period - Off-side.
12:51 of 2nd period - Mika Zibanejad wins face-off versus Jacob de La Rose in neutral zone.
12:54 of 2nd period - Wrist shot by Blake Wheeler.
12:54 of 2nd period - Goal by Blake Wheeler - Panthers : 1 - Canucks : 1.
12:55 of 2nd period - Mika Zibanejad wins face-off versus Taylor Hall in neutral zone.
12:58 of 2nd period - Slapshot by Mika Zibanejad.
12:58 of 2nd period - Shot Misses the Net.
13:00 of 2nd period - Snap shot by Erik Johnson.
13:00 of 2nd period - Shot Misses the Net.
13:02 of 2nd period - Snap shot by Charlie McAvoy.
13:02 of 2nd period - Shot Blocked by Patrik Nemeth.
13:08 of 2nd period - Snap shot by Mika Zibanejad.
13:08 of 2nd period - Shot Misses the Net.
13:22 of 2nd period - Taylor Hall is hit by Dominik Kubalik and loses puck.
14:15 of 2nd period - Wrist shot by Blake Wheeler.
14:15 of 2nd period - Stopped by Pekka Rinne with a rebound.
14:17 of 2nd period - Snap shot by Blake Wheeler.
14:17 of 2nd period - Stopped by Pekka Rinne with a rebound.
14:52 of 2nd period - Snap shot by Denis Gurianov.
14:52 of 2nd period - Stopped by Pekka Rinne with a rebound.
14:54 of 2nd period - Snap shot by Erik Cernak.
14:54 of 2nd period - Stopped by Pekka Rinne without a rebound.
14:55 of 2nd period - Alex Killorn wins face-off versus Josh Archibald in Panthers zone.
15:34 of 2nd period - Slapshot by Josh Norris.
15:34 of 2nd period - Shot Misses the Net.
15:38 of 2nd period - Snap shot by Josh Norris.
15:38 of 2nd period - Stopped by Ben Bishop without a rebound.
15:39 of 2nd period - Ryan Getzlaf wins face-off versus Vincent Trocheck in Canucks zone.
16:33 of 2nd period - Wrist shot by Rocco Grimaldi.
16:33 of 2nd period - Stopped by Ben Bishop with a rebound.
18:00 of 2nd period - Wrist shot by Alex Killorn.
18:00 of 2nd period - Shot Blocked by Trevor Daley.
18:02 of 2nd period - Slapshot by Charlie McAvoy.
18:02 of 2nd period - Stopped by Pekka Rinne without a rebound.
18:03 of 2nd period - Vincent Trocheck wins face-off versus Ryan Getzlaf in Panthers zone.
18:03 of 2nd period - Vincent Trocheck is hit by Darnell Nurse.
18:55 of 2nd period - Wrist shot by Alex Killorn.
18:55 of 2nd period - Goal by Alex Killorn - Panthers : 1 - Canucks : 2.
18:56 of 2nd period - Mika Zibanejad wins face-off versus Travis Zajac in neutral zone.
18:59 of 2nd period - Wrist shot by Charlie McAvoy.
18:59 of 2nd period - Shot Misses the Net.
19:23 of 2nd period - Vincent Trocheck is hit by Matt Calvert and loses puck.
19:40 of 2nd period - Jonas Siegenthaler is hit by Alex Killorn.
Goals for this period are 1 for Panthers vs 2 for Canucks.
Shots for this period are 19 for Panthers vs 11 for Canucks.

3rd period


0:01 of 3rd period - Travis Zajac wins face-off versus Mika Zibanejad in neutral zone.
0:07 of 3rd period - Off-side.
0:08 of 3rd period - Mika Zibanejad wins face-off versus Nikita Gusev in neutral zone.
0:19 of 3rd period - Snap shot by Blake Wheeler.
0:19 of 3rd period - Shot Misses the Net.
0:21 of 3rd period - Slapshot by Darnell Nurse.
0:21 of 3rd period - Shot Misses the Net.
0:23 of 3rd period - Backhand shot by Alex Tuch.
0:23 of 3rd period - Stopped by Pekka Rinne without a rebound.
0:24 of 3rd period - Vincent Trocheck wins face-off versus Ryan Getzlaf in Panthers zone.
0:49 of 3rd period - Oscar Klefbom is hit by Nikita Gusev.
1:32 of 3rd period - Slapshot by Gustav Nyquist.
1:32 of 3rd period - Stopped by Pekka Rinne with a rebound.
1:34 of 3rd period - Wrist shot by Ryan Getzlaf.
1:34 of 3rd period - Shot Misses the Net.
1:36 of 3rd period - Wrist shot by Gustav Nyquist.
1:36 of 3rd period - Shot Blocked by Jacob de La Rose.
1:38 of 3rd period - Slapshot by Erik Johnson.
1:38 of 3rd period - Stopped by Pekka Rinne without a rebound.
1:39 of 3rd period - Travis Zajac wins face-off versus Ryan Getzlaf in Panthers zone.
1:39 of 3rd period - Travis Zajac is hit by Ryan Getzlaf.
1:49 of 3rd period - Slapshot by Tyson Barrie.
1:49 of 3rd period - Shot Blocked by Erik Johnson.
2:14 of 3rd period - Vincent Trocheck is hit by Blake Wheeler and loses puck.
2:30 of 3rd period - Off-side.
2:31 of 3rd period - Josh Norris wins face-off versus Alex Killorn in neutral zone.
2:36 of 3rd period - Slapshot by Garnet Hathaway.
2:36 of 3rd period - Shot Misses the Net.
2:42 of 3rd period - Snap shot by Quinn Hughes.
2:42 of 3rd period - Deflect By Denis Gurianov.
2:42 of 3rd period - Stopped by Pekka Rinne with a rebound.
2:44 of 3rd period - Slapshot by Darnell Nurse.
2:44 of 3rd period - Stopped by Pekka Rinne with a rebound.
2:46 of 3rd period - Slapshot by Alex Killorn.
2:46 of 3rd period - Stopped by Pekka Rinne with a rebound.
2:48 of 3rd period - Slapshot by Quinn Hughes.
2:48 of 3rd period - Deflect By Trevor Daley.
2:48 of 3rd period - Stopped by Pekka Rinne without a rebound.
2:49 of 3rd period - Travis Zajac wins face-off versus Mika Zibanejad in Panthers zone.
3:14 of 3rd period - Vincent Trocheck is hit by Ryan Getzlaf and loses puck.
3:20 of 3rd period - Off-side.
3:21 of 3rd period - Ryan Getzlaf wins face-off versus Travis Zajac in neutral zone.
4:26 of 3rd period - Off-side.
4:27 of 3rd period - Jason Dickinson wins face-off versus Matt Moulson in neutral zone.
4:34 of 3rd period - Slapshot by Jordan Martinook.
4:34 of 3rd period - Stopped by Pekka Rinne with a rebound.
4:36 of 3rd period - Snap shot by Pierre Engvall.
4:36 of 3rd period - Stopped by Pekka Rinne without a rebound.
4:37 of 3rd period - Travis Zajac wins face-off versus Mika Zibanejad in Panthers zone.
5:08 of 3rd period - Slapshot by Charlie McAvoy.
5:08 of 3rd period - Stopped by Pekka Rinne with a rebound.
5:10 of 3rd period - Snap shot by Charlie McAvoy.
5:10 of 3rd period - Shot Blocked by Jamie Oleksiak.
5:27 of 3rd period - Wrist shot by Garnet Hathaway.
5:27 of 3rd period - Shot Misses the Net.
5:29 of 3rd period - Wrist shot by Josh Norris.
5:29 of 3rd period - Shot Misses the Net.
6:22 of 3rd period - Minor Penalty to Blake Wheeler for Hooking.
6:23 of 3rd period - Travis Zajac wins face-off versus Jason Dickinson in Canucks zone.
8:20 of 3rd period - Josh Archibald is hit by Mika Zibanejad.
8:22 of 3rd period - Penalty to Blake Wheeler is over, Blake Wheeler is back on ice.
8:46 of 3rd period - Snap shot by Jacob de La Rose.
8:46 of 3rd period - Stopped by Ben Bishop without a rebound.
8:47 of 3rd period - Alex Killorn wins face-off versus Josh Norris in Canucks zone.
8:52 of 3rd period - Snap shot by Denis Gurianov.
8:52 of 3rd period - Stopped by Pekka Rinne without a rebound.
8:53 of 3rd period - Josh Norris wins face-off versus Alex Killorn in Panthers zone.
9:18 of 3rd period - Minor Penalty to Garnet Hathaway for Roughing.
9:19 of 3rd period - Travis Zajac wins face-off versus Mika Zibanejad in Panthers zone.
9:29 of 3rd period - Wrist shot by Quinn Hughes.
9:29 of 3rd period - Shot Misses the Net.
9:31 of 3rd period - Slapshot by Charlie McAvoy.
9:31 of 3rd period - Shot Blocked by Tyson Barrie.
9:33 of 3rd period - Slapshot by Quinn Hughes.
9:33 of 3rd period - Canucks goal is going for a video replay.
9:33 of 3rd period - The goal is refused. The goalkeeper has been pushed into the net together with the puck after making a save..
9:34 of 3rd period - Mika Zibanejad wins face-off versus Travis Zajac in Panthers zone.
9:43 of 3rd period - Slapshot by Quinn Hughes.
9:43 of 3rd period - Shot Blocked by Travis Zajac.
9:45 of 3rd period - Snap shot by Mika Zibanejad.
9:45 of 3rd period - Shot Misses the Net.
9:47 of 3rd period - Slapshot by Quinn Hughes.
9:47 of 3rd period - Deflect By Blake Wheeler.
9:47 of 3rd period - Shot Blocked by Patrik Nemeth.
9:47 of 3rd period - Puck is out of play.
9:48 of 3rd period - Mika Zibanejad wins face-off versus Travis Zajac in Panthers zone.
9:57 of 3rd period - Snap shot by Blake Wheeler.
9:57 of 3rd period - Stopped by Pekka Rinne without a rebound.
9:58 of 3rd period - Mika Zibanejad wins face-off versus Travis Zajac in Panthers zone.
10:17 of 3rd period - Snap shot by Mika Zibanejad.
10:17 of 3rd period - Stopped by Pekka Rinne without a rebound.
10:18 of 3rd period - Mika Zibanejad wins face-off versus Travis Zajac in Panthers zone.
10:54 of 3rd period - Snap shot by Quinn Hughes.
10:54 of 3rd period - Shot Blocked by Jonas Siegenthaler.
11:18 of 3rd period - Penalty to Garnet Hathaway is over, Garnet Hathaway is back on ice.
11:29 of 3rd period - Mats Zuccarello is hit by Jason Dickinson and loses puck.
11:51 of 3rd period - Wrist shot by Rocco Grimaldi.
11:51 of 3rd period - Shot Blocked by Alex Killorn.
11:53 of 3rd period - Snap shot by Rocco Grimaldi.
11:53 of 3rd period - Shot Blocked by Erik Cernak.
12:31 of 3rd period - Greg Pateryn is hit by Alex Tuch and loses puck.
13:42 of 3rd period - Wrist shot by Josh Norris.
13:42 of 3rd period - Shot Misses the Net.
13:44 of 3rd period - Wrist shot by Nikita Gusev.
13:44 of 3rd period - Shot Misses the Net.
13:46 of 3rd period - Wrist shot by Taylor Hall.
13:46 of 3rd period - Stopped by Ben Bishop with a rebound.
13:48 of 3rd period - Snap shot by Nikita Gusev.
13:48 of 3rd period - Stopped by Ben Bishop without a rebound.
13:49 of 3rd period - Mika Zibanejad wins face-off versus Travis Zajac in Canucks zone.
13:49 of 3rd period - Mika Zibanejad is hit by Travis Zajac.
14:03 of 3rd period - Snap shot by Nikita Gusev.
14:03 of 3rd period - Shot Misses the Net.
14:13 of 3rd period - Wrist shot by Nikita Gusev.
14:13 of 3rd period - Goal by Nikita Gusev - Panthers : 2 - Canucks : 2.
14:14 of 3rd period - Alex Tuch wins face-off versus Taylor Hall in neutral zone.
14:17 of 3rd period - Snap shot by Blake Wheeler.
14:17 of 3rd period - Shot Blocked by Patrik Nemeth.
14:39 of 3rd period - Snap shot by Mats Zuccarello.
14:39 of 3rd period - Stopped by Ben Bishop with a rebound.
14:41 of 3rd period - Slapshot by Greg Pateryn.
14:41 of 3rd period - Deflect By Quinn Hughes.
14:41 of 3rd period - Stopped by Ben Bishop with a rebound.
15:01 of 3rd period - Wrist shot by Jacob de La Rose.
15:01 of 3rd period - Stopped by Ben Bishop without a rebound.
15:02 of 3rd period - Alex Killorn wins face-off versus Jacob de La Rose in Canucks zone.
15:02 of 3rd period - Alex Killorn is hit by Jacob de La Rose.
15:10 of 3rd period - Slapshot by Charlie McAvoy.
15:10 of 3rd period - Deflect By Trevor Daley.
15:10 of 3rd period - Stopped by Pekka Rinne with a rebound.
15:16 of 3rd period - Charlie McAvoy is hit by Matt Moulson and loses puck.
16:33 of 3rd period - Snap shot by Alex Killorn.
16:33 of 3rd period - Shot Misses the Net.
16:35 of 3rd period - Slapshot by Dominik Kubalik.
16:35 of 3rd period - Goal by Dominik Kubalik - Panthers : 2 - Canucks : 3.
16:36 of 3rd period - Travis Zajac wins face-off versus Alex Killorn in neutral zone.
16:42 of 3rd period - Minor Penalty to Darnell Nurse for Tripping.
16:43 of 3rd period - Travis Zajac wins face-off versus Jason Dickinson in Canucks zone.
17:08 of 3rd period - Quinn Hughes is hit by Vincent Trocheck and loses puck.
17:51 of 3rd period - Slapshot by Erik Johnson.
17:51 of 3rd period - Deflect By Dominik Kubalik.
17:51 of 3rd period - Shot Misses the Net.
17:51 of 3rd period - Puck is out of play.
17:52 of 3rd period - Travis Zajac wins face-off versus Alex Tuch in Panthers zone.
18:20 of 3rd period - Off-side.
18:21 of 3rd period - Vincent Trocheck wins face-off versus Mika Zibanejad in neutral zone.
18:31 of 3rd period - Icing by Mats Zuccarello.
18:32 of 3rd period - Vincent Trocheck wins face-off versus Jason Dickinson in Panthers zone.
18:42 of 3rd period - Penalty to Darnell Nurse is over, Darnell Nurse is back on ice.
18:45 of 3rd period - Matt Calvert is hit by Jonas Siegenthaler.
18:55 of 3rd period - Wrist shot by Vincent Trocheck.
18:55 of 3rd period - Shot Misses the Net.
18:57 of 3rd period - Wrist shot by Marcus Foligno.
18:57 of 3rd period - Stopped by Ben Bishop with a rebound.
18:59 of 3rd period - Snap shot by Vincent Trocheck.
18:59 of 3rd period - Shot Misses the Net.
19:01 of 3rd period - Panthers, Pekka Rinne is pulled from the net.
19:01 of 3rd period - Slapshot by Jonas Siegenthaler.
19:01 of 3rd period - Shot Blocked by Quinn Hughes.
19:03 of 3rd period - Slapshot by Greg Pateryn.
19:03 of 3rd period - Shot Misses the Net.
19:05 of 3rd period - Slapshot by Jonas Siegenthaler.
19:05 of 3rd period - Stopped by Ben Bishop with a rebound.
19:23 of 3rd period - Wrist shot by Vincent Trocheck.
19:23 of 3rd period - Shot Misses the Net.
19:25 of 3rd period - Wrist shot by Marcus Foligno.
19:25 of 3rd period - Stopped by Ben Bishop without a rebound.
19:26 of 3rd period - Craig Berube call a timeout for Panthers.
19:26 of 3rd period - Mika Zibanejad wins face-off versus Travis Zajac in Canucks zone.
19:41 of 3rd period - Snap shot by Vincent Trocheck.
19:41 of 3rd period - Deflect By Taylor Hall.
19:41 of 3rd period - Shot Misses the Net.
19:41 of 3rd period - Puck is out of play.
19:42 of 3rd period - Mika Zibanejad wins face-off versus Travis Zajac in Canucks zone.
Goals for this period are 1 for Panthers vs 1 for Canucks.
Shots for this period are 10 for Panthers vs 16 for Canucks.